 Dungeon Crawl Stone Soup version 0.21-a0-344-g2144152 (webtiles) character file.

11 tidbits the Grave Robber (level 2, -1/11 HPs)
             Began as a Felid Necromancer on Oct 4, 2017.
             Slain by a bullfrog (2 damage)
             ... on level 2 of the Dungeon.
             The game lasted 00:01:41 (360 turns).

tidbits the Grave Robber (Felid Necromancer)         Turns: 360, Time: 00:01:41

Health: -1/11      AC:  1    Str:  4    XL:     2   Next: 13%
Magic:  1/6        EV: 18    Int: 16    God:
Gold:   54         SH:  0    Dex: 16    Spells: 3/5 levels left
                                        Lives:  0   Deaths: 0

rFire    . . .     SeeInvis +   a - book of Necromancy
rCold    . . .     Gourm    .   (shield unavailable)
rNeg     . . .     Faith    .   (armour unavailable)
rPois    .         Spirit   .   (helmet unavailable)
rElec    .         Reflect  .   (cloak unavailable)
rCorr    .         Harm     .   (gloves unavailable)
MR       .....                  (boots unavailable)
Stlth    +++.......             (no amulet)
HPRegen  0.03/turn              (no ring)
MPRegen  0.10/turn              (no ring)

@: quick
A: no armour, no weapons or thrown items, stealth, claws 1, fangs 3, see
invisible, carnivore 3, speed 1, shaggy fur 1, slow metabolism 1, sharp paws
a: no special abilities


You were on level 2 of the Dungeon.
You were very full.

You visited 1 branch of the dungeon, and saw 2 of its levels.

You collected 54 gold pieces.

Inventory:

Scrolls
 b - a scroll of teleportation {unknown}
Potions
 c - a potion of heal wounds {unknown}
Books
 a - a book of Necromancy (in mouth)

   Spells                             Type                      Level
   a - Pain                           Necromancy                   1
   b - Animate Skeleton               Necromancy                   1
   c - Vampiric Draining              Necromancy                   3
   d - Regeneration                   Charms/Necromancy            3
   e - Animate Dead                   Necromancy                   4
   f - Control Undead                 Necromancy                   4
Comestibles
 d - 3 chunks of flesh


   Skills:
 + Level 3.0 Dodging
 + Level 3.1 Stealth
 + Level 2.1 Spellcasting
 + Level 4.1 Necromancy


You had 3 spell levels left.
You knew the following spells:

 Your Spells              Type           Power        Failure   Level  Hunger
a - Pain                  Necr           ##..         3%          1    #......
n - Animate Skeleton      Necr           N/A          3%          1    #......


Dungeon Overview and Level Annotations

Branches:
Dungeon (2/15)

Altars:


Innate Abilities, Weirdness & Mutations

You cannot wear armour.
You are incapable of wielding weapons or throwing items.
Your paws allow you to move quietly. (Stealth)
You have sharp claws.
You have razor-sharp teeth.
You have supernaturally acute eyesight. (SInv)
You are carnivorous and can eat meat at any time.
You cover ground quickly.
You are covered in fur. (AC +1)
You have a slow metabolism.
Your sharp claws are effective at attacking unaware monsters.


Message History

You swing at nothing.
You swing at nothing.
You swing at nothing.
You swing at nothing.
You swing at nothing.
You swing at nothing.
You swing at nothing.
You swing at nothing.
You swing at nothing.
You swing at nothing.
You swing at nothing.
You swing at nothing.
You swing at nothing.
You swing at nothing.
You swing at nothing.
You swing at nothing.
You swing at nothing.
You swing at nothing.
You swing at nothing.
You swing at nothing.
You swing at nothing.
You swing at nothing.
You see here a rat corpse.
Memorise Animate Skeleton, consuming 1 spell level and leaving 3?
You start memorising the spell.
You continue memorising.
You finish memorising.
Spell assigned to 'n'.
You see here a frilled lizard corpse.
Casting: Pain
Confirm with . or Enter, or press ? or * to list all spells.
You attempt to give life to the dead...
Before your eyes, flesh is ripped from the corpse!
The dead are walking!
d - 4 chunks of flesh (gained 1) Unknown command.
You see here a rat corpse.
Casting: Animate Skeleton
Confirm with . or Enter, or press ? or * to list all spells.
You attempt to give life to the dead...
Before your eyes, flesh is ripped from the corpse!
The dead are walking!
d - 5 chunks of flesh (gained 1)
You swap places.
Some of the chunks of flesh in your inventory have rotted away.
You now have 54 gold pieces (gained 12).
Magic restored.
Found an escape hatch in the floor.
A frilled lizard comes into view.
There is an escape hatch in the floor here.
Casting: Animate Skeleton
Confirm with . or Enter, or press ? or * to list all spells.
Aiming: Pain
Press: ? - help, Shift-Dir - straight line, f - frilled lizard
Aim: a frilled lizard (resting, chance to defeat MR: 85%)
The frilled lizard hisses angrily.
The frilled lizard writhes in agony!
You kill the frilled lizard!
A bullfrog comes into view.
The bullfrog croaks.
Found a mace.
Casting: Pain
Confirm with . or Enter, or press ? or * to list all spells.
Aiming: Pain
Press: ? - help, Shift-Dir - straight line, f - bullfrog
Aim: a bullfrog (chance to defeat MR: 72%)
The bullfrog struggles to resist.
Casting: Pain
Confirm with . or Enter, or press ? or * to list all spells.
Aiming: Pain
Press: ? - help, Shift-Dir - straight line, f/p - bullfrog
Aim: a bullfrog (chance to defeat MR: 72%)
The bullfrog writhes in agony!
The bullfrog misses you.
The bullfrog swells and bulges.
You swap places.
The bullfrog hits your frilled lizard skeleton.
Your frilled lizard skeleton bites the bullfrog.
The bullfrog hits your frilled lizard skeleton!
Your frilled lizard skeleton is destroyed!
There is an escape hatch in the floor here.
The bullfrog hits your rat skeleton. The bullfrog hits your rat skeleton!
Your rat skeleton is destroyed!
Casting: Pain
Confirm with . or Enter, or press ? or * to list all spells.
Aiming: Pain
Press: ? - help, Shift-Dir - straight line, f/p - bullfrog
Aim: a bullfrog (moderately wounded, chance to defeat MR: 72%)
The bullfrog writhes in agony!
Casting: Pain
Confirm with . or Enter, or press ? or * to list all spells.
Aiming: Pain
Press: ? - help, Shift-Dir - straight line, f/p - bullfrog
Aim: a bullfrog (moderately wounded, chance to defeat MR: 72%)
The bullfrog writhes in agony!
Casting: Pain
Confirm with . or Enter, or press ? or * to list all spells.
Aiming: Pain
Press: ? - help, Shift-Dir - straight line, f/p - bullfrog
Aim: a bullfrog (severely wounded, chance to defeat MR: 72%)
The bullfrog writhes in agony!
The bullfrog hits you.
You die...

..# #.# ## #.# ###
#.# .) #.# ..# #.#
#. #.# #.# #.# #.
#.# #.# #.# #. #.#
#.# #.# #.##.# #.#
#.#
.###....###.#####.#
...........>...F@.#
............#######
#############


You could see a bullfrog.

Vanquished Creatures
  2 bats (D:1)
  3 hobgoblins (D:1)
  A quokka (D:2)
  2 frilled lizards (D:2)
  2 rats
10 creatures vanquished.

Notes
Turn   | Place    | Note
-------+----------+-------------------------------------------
     0 | D:1      | tidbits the Felid Necromancer began the quest for the Orb.
     0 | D:1      | Reached XP level 1. HP: 7/7 MP: 4/4
   184 | D:1      | Reached skill level 3 in Dodging
   184 | D:1      | Reached skill level 3 in Stealth
   262 | D:2      | Reached XP level 2. HP: 4/11 MP: 4/6
   302 | D:2      | Learned a level 1 spell: Animate Skeleton
   343 | D:2      | Noticed a bullfrog
   360 | D:2      | Slain by a bullfrog

Vault maps used:
D:1:      saegor_arrival_simple_e
D:2:      dancing_weapons_uskayaw, hangedman_glass_teeth, st_stairs_3,
          kennysheep_another_room

Skill      XL: |  1 |
---------------+----+-----
Dodging        | 3 |  3.0
Stealth        | 3 |  3.1
Spellcasting   | |  2.1
Necromancy     | |  4.1

Action                   || total
-------------------------++-------
 Cast: Pain              ||    24
       Animate Skeleton  ||     2
  Eat: Chunk             ||     2
       Meat ration       ||     1
Armor: Skin              ||     1
Dodge: Dodged            ||     5

Table legend:
 A = Spawn XP
 B = Non-spawn XP
 C = Spawn XP percentage of total XP
 D = Spawn monster count
 E = Non-spawn monster count
 F = Spawn count percentage of total count
 G = Total turns spent on level
                    A         B        C        D         E        F      G
               +---------+---------+-------+---------+---------+-------+---------
         Total |       0 |      16 |   0.0 |       0 |      10 |   0.0 |   360
               +---------+---------+-------+---------+---------+-------+---------
           D:1 |       0 |      11 |   0.0 |       0 |       6 |   0.0 |   251
           D:2 |       0 |       5 |   0.0 |       0 |       4 |   0.0 |   109
               +---------+---------+-------+---------+---------+-------+---------

Table legend:
 A = Turns spent in this place as a percentage of turns spent in the entire game.
 B = Non-inter-level travel turns spent in this place as a percentage of non-inter-level travel turns spent in the entire game.
 C = Inter-level travel turns spent in this place as a percentage of turns spent in this place.
 D = Turns resting spent in this place as a percentage of non-inter-level travel turns spent in this place.
 E = Turns spent auto-exploring this place as a percentage of non-inter-level travel turns spent in this place.
 F = Non-inter-level travel turns spent in this place divided by the number of levels of this place that you've seen.
                   A       B       C       D       E      F
               +-------+-------+-------+-------+-------+----------------------
         Total | 100.0 | 100.0 |   0.0 |   0.0 |   0.0 | 180.0
       Dungeon | 100.0 | 100.0 |   0.0 |   0.0 |   0.0 | 180.0
               +-------+-------+-------+-------+-------+----------------------

Table legend:
 A = Kills in this place as a percentage of kills in entire the game.
 B = Kills by you in this place as a percentage of kills by you in the entire game.
 C = Kills by friends in this place as a percentage of kills by friends in the entire game.
 D = Other kills in this place as a percentage of other kills in the entire game.
 E = Experience gained in this place as a percentage of experience gained in the entire game.
 F = Experience gained in this place divided by the number of levels of this place that you have seen.
                   A       B       C       D       E      F
               +-------+-------+-------+-------+-------+----------------------
         Total | 100.0 | 100.0 |   N/A |   N/A | 100.0 |   8.0
       Dungeon | 100.0 | 100.0 |   N/A |   N/A | 100.0 |   8.0
               +-------+-------+-------+-------+-------+----------------------

Vault maps used:
D:1:      saegor_arrival_simple_e
D:2:      dancing_weapons_uskayaw, hangedman_glass_teeth, st_stairs_3,
          kennysheep_another_room
